 Dungeon Crawl Stone Soup version 0.19.4-8-ga85b6b9 (webtiles) character file.

75 sweetbreads the Sneak (level 4, -4/21 HPs)
             Began as a Spriggan Enchanter on Feb 6, 2017.
             Slain by Grinder (7 damage)
             ... on level 3 of the Dungeon.
             The game lasted 00:13:05 (2468 turns).

sweetbreads the Sneak (Spriggan Enchanter)          Turns: 2468, Time: 00:13:05

Health: -4/21      AC:  4    Str:  4    XL:     4   Next: 11%
Magic:  6/11       EV: 23    Int: 17    God:
Gold:   134        SH:  0    Dex: 16    Spells: 2 memorised, 8 levels left

rFire  . . .     SeeInvis +     a - +1 dagger
rCold  . . .     Gourm    .     b - +2 robe
rNeg   . . .     Faith    .     (shield restricted)
rPois  .         Spirit   .     (helmet restricted)
rElec  .         Reflect  .     (no cloak)
rCorr  .         Harm     .     (gloves unavailable)
MR     .....                    (boots unavailable)
Stlth  +++.......               (no amulet)
                                j - ring of see invisible
                                u - +4 ring of evasion

@: very quick
A: unfitting armour, see invisible, herbivore 3, speed 3, slow metabolism 2
a: no special abilities


You were on level 3 of the Dungeon.
You were not hungry.

You visited 1 branch of the dungeon, and saw 3 of its levels.

You collected 134 gold pieces.

Inventory:

Hand Weapons
 a - a +1 dagger (weapon)
 l - a +0 short sword
Missiles
 n - 16 poisoned needles
Armour
 b - a +2 robe (worn)
 h - a +0 cloak
Jewellery
 f - an uncursed ring of loudness
 j - a ring of see invisible (right hand)
 u - a +4 ring of evasion (left hand)
Scrolls
 o - a scroll of identify
 q - 2 scrolls of remove curse
 r - 2 scrolls of enchant armour
 s - a scroll of recharging {unknown}
 v - a scroll of fog
Potions
 e - a potion of heal wounds
 i - a potion of cure mutation {unknown}
 k - a potion of mutation {unknown}
 m - a potion of curing {unknown}
 p - a potion of agility {unknown}
Books
 c - a book of Maledictions

   Spells                             Type                      Level
   a - Corona                         Hexes                        1
   b - Ensorcelled Hibernation        Hexes/Ice                    2
   c - Confuse                        Hexes                        3
   d - Tukima's Dance                 Hexes                        3
   e - Dazzling Spray                 Conjuration/Hexes            3
Comestibles
 d - 2 bread rations
 g - a royal jelly
 t - a slice of pizza


   Skills:
 + Level 1.9 Short Blades
 + Level 3.9 Dodging
 * Level 5.3 Stealth
 + Level 4.0 Spellcasting
 + Level 3.6 Hexes
 - Level 0.1 Ice Magic


You had 8 spell levels left.
You knew the following spells:

 Your Spells              Type           Power        Failure   Level  Hunger
a - Corona                Hex            ###....      3%          1    None
b - Ensorcelled Hibernat  Hex/Ice        #.....       14%         2    ##.....


Dungeon Overview and Level Annotations

Branches:
Dungeon (3/15)

Altars:
Ru
The Shining One

Annotations:
D:3 Grinder


Innate Abilities, Weirdness & Mutations

You are very small and have problems with some larger weapons.
You are too small for most types of armour.
You have supernaturally acute eyesight. (SInv)
You are a herbivore.
You cover ground extremely quickly.
You need consume almost no food.


Message History

Grinder barely misses you.
You barely miss Grinder.
Grinder is lightly wounded.
You hit Grinder but do no damage.
Grinder is lightly wounded.
Grinder stops glowing.
Grinder closely misses you.
You barely miss Grinder.
Grinder is lightly wounded.
Grinder closely misses you.
You hit Grinder but do no damage.
Grinder is lightly wounded.
Grinder closely misses you.
You hit Grinder but do no damage.
Grinder is lightly wounded.
Grinder hits you.
* * * LOW HITPOINT WARNING * * *
You hit Grinder.
Grinder is lightly wounded.
Grinder hits you!
You die...

#.# #.... ###
######.###>...
#....<..##...#
#.......##...#
#.......##...##############
#.......##..(.....)........
######.###...##############
#.###.!.######
#...5@........
#####...###### #####


You could see Grinder.

Vanquished Creatures
  3 adders (D:3)
  A worm (D:3)
  2 leopard geckos
  An orc (D:3)
  A ball python (D:1)
  2 bats (D:1)
  A giant cockroach (D:1)
  5 goblins
  4 hobgoblins
  4 jackals (D:2)
  6 kobolds
  2 quokkas (D:3)
  4 frilled lizards
  5 rats (D:1)
41 creatures vanquished.

Notes
Turn   | Place    | Note
-------+----------+-------------------------------------------
     0 | D:1      | sweetbreads the Spriggan Enchanter began the quest for the Orb.
     0 | D:1      | Reached XP level 1. HP: 9/9 MP: 5/5
    96 | D:2      | Found a sacrificial altar of Ru.
   456 | D:1      | Reached skill level 5 in Stealth
   456 | D:1      | Reached XP level 2. HP: 9/13 MP: 6/6
   460 | D:1      | Learned a level 2 spell: Ensorcelled Hibernation
  1335 | D:2      | Reached XP level 3. HP: 16/16 MP: 8/8
  1865 | D:3      | Found a glowing golden altar of the Shining One.
  2407 | D:3      | Reached XP level 4. HP: 20/21 MP: 6/11
  2440 | D:3      | Noticed Grinder
  2468 | D:3      | Slain by Grinder

Skill      XL: |  1  2  3 |
---------------+----------+-----
Stealth        | 5 |  5.3
Spellcasting   | 3 4 |  4.0
Short Blades   | |  1.9
Dodging        | |  3.9
Hexes          | |  3.6
Ice Magic      | |  0.1

Action                   |  1- 3 |  4- 6 || total
-------------------------+-------+-------++-------
Melee: Dagger            |   104 |    13 ||   117
 Cast: Ensorcelled Hiber |    28 |     2 ||    30
       Corona            |       |     1 ||     1
  Use: Scroll            |     5 |       ||     5
 Stab: Sleeping          |    27 |     1 ||    28
Armor: Robe              |    10 |       ||    10
Dodge: Dodged            |    78 |     6 ||    84
